Map: Thunderbird LE

Players

Woah - Winner!

  • Race: Terran Terran
  • Spawn Location: 5:00

Easy

  • Race: Zerg Zerg
  • League: Platinum
  • Spawn Location: 11:00

VOD

Have the link to the VOD?

Description

Time

  • Played on: June 12, 2019, 8:59 a.m.
  • Length: 12:33
Show
View Real Time Build Order
Export as new Build Order

Woah Terran - Winner!

Build Orders: Reaper Expand 

Get SALT Encoding   

  12  0:01  SCV  
  13  0:14  SCV  
  14  0:19  Supply Depot  
  14  0:26  SCV  
  15  0:41  SCV  
  15  0:42  Barracks  
  16  0:45  Refinery  
  17  0:57  SCV  
  17  1:09  SCV  
  18  1:21  SCV  
  19  1:29  Reaper  
  20  1:33  Orbital Command  
  20  1:42  Command Center  
  20  1:52  Supply Depot  
  20  2:02  Marine  
  21  2:10  SCV  
  22  2:17  Factory  
  22  2:20  Refinery  
  22  2:22  SCV  
  23  2:34  SCV  
  24  2:42  Barracks Reactor  
  24  2:46  SCV  
  25  2:57  Barracks  
  25  2:59  SCV  
  26  3:06  Orbital Command  
  26  3:17  Command Center  
  26  3:26  SCV, Barracks Tech Lab  
  27  3:32  Hellion  
  29  3:36  Hellion  
  31  3:47  Marine x2  
  33  3:54  Starport  
  35  3:56  Hellion  
  35  3:57  Hellion  
  35  3:58  SCV  
  38  4:04  SCV  
  38  4:06  Supply Depot  
  39  4:19  SCV  
  39  4:20  SCV  
  41  4:25  Barracks Reactor  
  41  4:28  Supply Depot  
  41  4:30  Orbital Command  
  41  4:33  Marine  
  42  4:39  SCV  
  42  4:41  SCV  
  44  4:49  Stimpack  
  44  4:51  SCV, Marine  
  46  4:53  SCV  
  46  4:55  Barracks  
  46  4:57  Orbital Command  
  46  4:59  Engineering Bay  
  47  5:00  Starport Reactor  
  47  5:03  SCV  
  47  5:05  Marine x2  
  50  5:09  Marine  
  50  5:14  SCV, Engineering Bay  
  52  5:15  SCV, Refinery  
  52  5:16  Refinery  
  53  5:26  SCV, Marine x2  
  53  5:27  Marine  
  53  5:28  SCV  
  58  5:49  Marine x2  
  58  5:59  Factory  
  58  6:03  SCV  
  58  6:04  SCV x2, Barracks  
  59  6:06  Terran Infantry Weapons Level 1, Terran Infantry Armor Level 1, Factory Tech Lab  
  61  6:16  Marine  
  61  6:17  Marine x3  
  65  6:32  Siege Tank  
  68  6:36  Medivac x2  
  68  6:37  SCV x2  
  74  6:41  SCV  
  74  6:44  Barracks x2  
  75  6:47  Barracks  
  75  6:49  Factory Tech Lab  
  75  6:50  Supply Depot  
  75  6:51  SCV x2, Supply Depot  
  75  6:53  SCV  
  78  6:58  Armory  
  78  7:00  Combat Shield  
  78  7:03  SCV x2  
  78  7:04  Siege Tank  
  78  7:05  SCV  
  84  7:15  SCV x2, Supply Depot  
  86  7:18  SCV  
  86  7:19  Siege Tank  
  86  7:22  Barracks Reactor  
  90  7:24  Barracks  
  90  7:27  SCV  
  91  7:33  Supply Depot  
  91  7:34  SCV x2  
  93  7:37  Supply Depot  
  93  7:39  SCV, Barracks Reactor  
  94  7:46  SCV x2, Barracks Reactor  
  94  7:47  Barracks Reactor  
  96  7:52  Refinery  
  96  7:54  Refinery  
  96  7:56  Command Center  
  96  8:18  Siege Tank x2  
  102  8:20  Terran Vehicle Weapons Level 1  
  102  8:22  Marine x10  
  102  8:25  Marine  
  102  8:26  Marine x3  
  116  8:29  Terran Infantry Armor Level 2  
  116  8:40  Marine x7  
  123  8:48  Medivac x2  
  125  8:50  Marine x3  
  125  8:51  Marine x4  
  134  9:00  Terran Infantry Weapons Level 2  
  100  9:51  Marine x3  
  100  9:52  Marine x11  
  104  10:09  Marine x11  
  104  10:10  Marine x3  
  116  10:27  Marine x9  
  125  10:29  Siege Tank x2  
  131  10:43  Planetary Fortress  
  131  10:46  Refinery  
  131  10:47  Refinery  
  131  10:54  SCV  
  131  10:55  SCV x2  
  134  10:58  Marauder, Marine x3  
  134  10:59  Marine x10  
  134  11:01  Siege Tank x2  
  154  11:06  SCV  
  154  11:07  SCV x2  
  150  11:16  Marine x5  
  155  11:18  SCV  
  155  11:22  SCV x2  
  153  11:30  SCV  
  136  11:34  SCV  
  136  11:35  SCV  
  136  11:37  Siege Tank x2  
  136  11:42  SCV  
  136  11:46  SCV  
  137  11:54  Marine  
  137  11:55  Marine x13  
  151  12:02  Missile Turret  
  146  12:12  Marine  
  146  12:13  Marine x11  
Show
View Real Time Build Order
Export as new Build Order

Easy Zerg 

Build Orders: Hatch First 

Get SALT Encoding   

  12  0:02  Drone  
  13  0:17  Overlord  
  13  0:18  Drone  
  14  0:35  Drone  
  14  0:36  Drone  
  16  0:49  Hatchery  
  15  1:06  Spawning Pool  
  15  1:07  Drone  
  15  1:15  Drone  
  15  1:16  Drone  
  17  1:38  Drone  
  17  1:39  Drone  
  19  1:43  Extractor  
  18  1:53  Drone x2  
  20  1:54  Queen  
  22  2:04  Queen  
  22  2:06  Zergling x4  
  26  2:17  Extractor  
  26  2:18  Drone x2  
  27  2:28  Drone  
  28  2:30  Overlord  
  28  2:53  Drone  
  28  2:54  Drone x3  
  32  3:08  Lair  
  32  3:13  Drone  
  32  3:14  Drone x3  
  32  3:17  Extractor  
  35  3:24  Overlord x4  
  35  3:25  Drone  
  36  3:41  Queen  
  38  4:02  Hatchery  
  37  4:03  Drone  
  37  4:04  Drone x7  
  37  4:09  Drone x2  
  47  4:17  Pneumatized Carapace  
  47  4:28  Extractor, Overseer  
  46  4:35  Hydralisk Den  
  46  4:38  Evolution Chamber  
  44  4:40  Evolution Chamber  
  44  4:45  Drone x3  
  44  4:46  Drone  
  44  4:50  Drone x5  
  52  4:56  Queen  
  54  5:05  Zerg Missile Weapons Level 1  
  54  5:08  Zerg Ground Armor Level 1  
  54  5:16  Queen  
  54  5:19  Hydralisk x4  
  64  5:22  Hydralisk  
  64  5:26  Overlord  
  62  5:58  Queen  
  62  6:00  Queen x2  
  68  6:05  Overlord  
  68  6:06  Overlord x2  
  68  6:07  Overlord  
  68  6:17  Overseer  
  66  6:38  Hydralisk x13  
  66  6:39  Hydralisk  
  94  7:01  Spore Crawler  
  93  7:04  Spore Crawler  
  93  7:07  Drone x6  
  98  7:15  Zerg Ground Armor Level 2, Zerg Missile Weapons Level 2  
  98  7:18  Grooved Spines  
  98  7:22  Spore Crawler  
  97  7:40  Drone  
  97  7:41  Drone x4  
  102  7:55  Hatchery  
  101  8:07  Hydralisk x2  
  101  8:09  Overlord  
  101  8:10  Overlord x6  
  105  8:22  Overlord x7  
  105  8:24  Drone  
  106  8:41  Hydralisk x5  
  106  8:42  Hydralisk  
  118  9:04  Hydralisk  
  118  9:05  Hydralisk x7  
  132  9:31  Hydralisk x8  
  132  9:32  Hydralisk  
  130  9:42  Hydralisk  
  130  9:43  Hydralisk x2  
  100  9:55  Hydralisk  
  100  9:56  Hydralisk x3  
  108  10:13  Hydralisk  
  108  10:14  Hydralisk x5  
  120  10:34  Spire  
  119  10:36  Muscular Augments  
  119  10:44  Hydralisk  
  119  10:45  Hydralisk  
  119  10:48  Zergling x2  
  119  10:49  Zergling x14  
  131  10:51  Zergling x2  
  131  10:52  Zergling x4  
  131  10:56  Extractor  
  133  10:59  Extractor  
  133  11:00  Drone  
  133  11:01  Drone x6  
  105  11:37  Hydralisk x4  
  105  11:38  Hydralisk x7  
  90  11:55  Hydralisk  
  90  11:56  Hydralisk x3  
Tags
 
League
Platinum
Matchup
TvZ
Replay Pack
r1
Spawn Locations
Cross Positions
Add a new tag
Caveats
  • Supply blocks, unpowered buildings, or Contaminate may cause inaccurate times.
  • Supply counts are checked every 10 seconds.